 Dungeon Crawl Stone Soup version 0.30-a0-918-g0ff054e9dc (webtiles) character file.

Game seed: 17177179353988249163

6 theswoord the Shooter (level 1, 0/12 HPs)
             Began as a Gargoyle Hunter on Mar 20, 2023.
             Constricted to death by a ball python (1 damage)
             ... on level 1 of the Dungeon.
             The game lasted 00:00:28 (66 turns).

theswoord the Shooter (Gargoyle Hunter)               Turns: 66, Time: 00:00:28

Health: 0/12       AC:  5    Str: 14    XL:     1   Next: 90%
Magic:  1/1        EV:  8    Int:  9    God:
Gold:   18         SH:  0    Dex: 13    Spells: 0/0 levels left

rFire   . . .      SeeInvis .    a - +0 shortbow
rCold   . . .      Faith    .    (shield currently unavailable)
rNeg    + . .      Spirit   .    c - +0 leather armour
rPois   ∞          Reflect  .    (no helmet)
rElec   +          Rampage  .    (no cloak)
rCorr   .                        (no gloves)
Will    .....                    (no boots)
Stlth   +                        (no amulet)
HPRegen 0.22/turn                (no ring)
MPRegen 0.07/turn                (no ring)

@: constricted
A: sickness immunity, AC +2, negative energy resistance 1, electricity
resistance, torment resistance 1, petrification resistance
a: no special abilities


You were on level 1 of the Dungeon.
You visited 1 branch of the dungeon, and saw 1 of its levels.

You collected 18 gold pieces.

Inventory:

Hand Weapons
 a - a +0 shortbow (weapon)
Armour
 c - a +0 leather armour (worn)
Scrolls
 b - a scroll of immolation
 d - a scroll of identify {unknown}
 e - a scroll of poison {unknown}
 f - a scroll of enchant armour {unknown}
Potions
 g - a potion of invisibility {unknown}


   Skills:
 - Level 2.2 Fighting
 + Level 4.3 Ranged Weapons
 - Level 1.6 Dodging
 - Level 1.1 Stealth


You couldn't memorise any spells.
You didn't know any spells.
Your spell library was empty.

Dungeon Overview and Level Annotations

Branches:
Dungeon (1/15)

Altars:


Innate Abilities, Weirdness & Mutations

You are immune to sickness and miasma.
Your stone body is resilient. (AC +2)
You are immune to poison.
You resist negative energy. (rN+)
You are resistant to electric shocks. (rElec)
You are resistant to unholy torment.
You are immune to petrification.


Message History

You shoot an arrow. The arrow barely misses the endoplasm.
You hear an angry hiss.
A ball python comes into view.
The endoplasm hits you.
The hobgoblin hits you but does no damage.
The ball python moves out of view.
You hear a shout!
You shoot an arrow.
The arrow hits the hobgoblin but does no damage.
You hear a shout!
The endoplasm hits you but does no damage.
A quokka comes into view.
A dart slug comes into view.
The hobgoblin closely misses you.
You shoot an arrow. The arrow hits the hobgoblin.
The endoplasm freezes you.
You are frozen.
* * * LOW HITPOINT WARNING * * *
The hobgoblin hits you.
* * * LOW HITPOINT WARNING * * *
The endoplasm freezes you.
You are frozen.
* * * LOW HITPOINT WARNING * * *
You shoot an arrow. The arrow barely misses the hobgoblin.
The hobgoblin closely misses you. The ball python bites you.
* * * LOW HITPOINT WARNING * * *
The ball python barely misses you. The endoplasm misses you.
The hobgoblin barely misses you.
The ball python bites you but does no damage.
The ball python barely misses you.
You shoot an arrow. The arrow hits the hobgoblin.
You kill the hobgoblin!
The endoplasm closely misses you. The ball python misses you.
The ball python grabs you. The ball python constricts you.
You shoot an arrow.
The arrow closely misses the ball python.
The ball python bites you.
* * * LOW HITPOINT WARNING * * *
The ball python constricts you. The endoplasm barely misses you.
The ball python closely misses you. The ball python constricts you.
You die...

... .. ... . .
.... ##. #.#. $~.
#.. .w. ~.... #...
#r# ≈≈≈≈≈
#..##J###.#.#
#..†@......#
##..#.#S##..)#..
#...........##
............#
#..........###
..........[..#
###..........#
#..........####
###...............


You could see a dart slug, an endoplasm, a quokka and a ball python.

Vanquished Creatures
  2 hobgoblins (D:1)
  A quokka (D:1)
  2 goblins (D:1)
5 creatures vanquished.

Notes
Turn   | Place    | Note
-------+----------+-------------------------------------------
     0 | D:1      | theswoord the Gargoyle Hunter began the quest for the Orb.
     0 | D:1      | Reached XP level 1. HP: 12/12 MP: 1/1
    10 | D:1      | Found Boin Kyo's Jewellery Boutique.
    66 | D:1      | Constricted to death by a ball python

Action                     || total
---------------------------++-------
   Fire: Shortbow          ||    14
 Armour: Leather armour    ||     3
  Dodge: Dodged            ||    10

Levels and vault maps discovered:
D:1:      lightli_iron_boxes, layout_rooms, serial_shops, shop_fountains,
          chequers_serial_rivers_micro_e, skrybe_limestone_x,
          minmay_pentomino_r4
